 Dungeon Crawl Stone Soup version 0.32-a0-656-g3542139ebd (webtiles) character file.

Game seed: 13790466800356326232

4762 Armakuni the Cruncher (level 10, -6/74 HPs)
             Began as a Human Gladiator on Mar 8, 2024.
             Incinerated by a deep elf pyromancer (15 damage)
             ... with a pyre arrow
             ... on level 7 of the Dungeon.
             The game lasted 00:13:54 (7262 turns).

Armakuni the Cruncher (Human Gladiator)             Turns: 7262, Time: 00:13:55

Health: -6/74      AC: 10    Str: 24    XL:     10   Next: 47%
Magic:  10/10      EV: 17    Int:  9    God:
Gold:   177        SH:  0    Dex: 15    Spells: 9/9 levels left

rFire   . . .        a - +3 quarterstaff (elec)
rCold   . . .        (shield currently unavailable)
rNeg    . . .        r - +2 ring mail {rPois}
rPois   +            s - +1 helmet
rElec   .            (no cloak)
rCorr   .            (no gloves)
SInv    .            (no boots)
Will    .....        (no amulet)
Stlth   +            V - +6 ring of strength
HPRegen 0.32/turn    E - +5 ring of evasion
MPRegen 0.12/turn

%: no passive effects
@: on fire, glowing
A: explore regen
a: no special abilities


You were on level 7 of the Dungeon.
You visited 1 branch of the dungeon, and saw 8 of its levels.

You collected 375 gold pieces.
You spent 198 gold pieces at shops.

Inventory:

Hand Weapons
 a - a +3 quarterstaff of electrocution (weapon)
 y - the +7 mace "Sonikui" {heavy, rCorr MP+9}
   (You found it on level 4 of the Dungeon)

   MP+9:      It affects your magic capacity (+9).
   rCorr:     It protects you from acid and corrosion.
Missiles
 e - a javelin
 f - a throwing net (quivered)
Armour
 d - a +0 buckler
 r - a +2 ring mail of poison resistance (worn)
 s - a +1 helmet (worn)
Magical Staves
 b - a staff of fire
Jewellery
 E - a +5 ring of evasion (right hand)
 V - a +6 ring of strength (left hand)
 W - a ring of wizardry
Wands
 p - a wand of paralysis (5)
 v - a wand of flame (24)
Scrolls
 g - a scroll of fear
 k - a scroll of teleportation
 n - a scroll of noise
 q - 2 scrolls of silence
 t - a scroll of revelation {unknown}
 w - 3 scrolls of immolation
 x - a scroll of vulnerability
Potions
 c - a potion of invisibility {unknown}
 h - a potion of heal wounds {unknown}
 i - a potion of cancellation {unknown}
 j - 4 potions of curing
 l - a potion of might {unknown}
 m - 2 potions of mutation
 o - a potion of degeneration {unknown}
 u - a potion of enlightenment {unknown}
 z - a potion of attraction {unknown}


   Skills:
 - Level 5.0 Fighting
 - Level 12.0 Staves
 - Level 2.0 Throwing
 - Level 4.0 Armour
 - Level 3.0 Dodging
 - Level 4.0 Shields
 + Level 5.8 Evocations


You had 9 spell levels left.
You didn't know any spells.
Your spell library contained the following spells:

 Spells                   Type           Power      Damage    Failure   Level
 Mercury Vapours          Alch/Air       0%         N/A       67%         2
 Mephitic Cloud           Conj/Alch/Air  0%         N/A       88%         3
 Passage of Golubria      Tloc           0%         N/A       99%         4
 Freezing Cloud           Conj/Ice/Air   0%         6-21      100%        5
 Silence                  Hex/Air        0%         N/A       100%        5
 Lehudib's Crystal Spear  Conj/Erth      0%         10d2      100%        8


Dungeon Overview and Level Annotations

Branches:
Dungeon (8/15)             Temple (0/1) D:5
   Lair: D:8-11

Altars:
Yredelemnul
Zin

Shops:
D:4 *


Innate Abilities, Weirdness & Mutations

You regain HP and MP as you explore.


Message History

Throw: 3 throwing nets
Press: ? - help, Q - select action, (/) - cycle Shift-Dir - straight line, f/p - deep elf pyromancer
Aim: a deep elf pyromancer, wielding a +0 long sword and wearing a +0 leather armour (48% to hit)
You throw a throwing net.
The throwing net barely misses the deep elf pyromancer.
The throwing net closely misses the deep elf pyromancer.
The deep elf pyromancer hits you but does no damage.
Throw: 2 throwing nets
Press: ? - help, Q - select action, (/) - cycle Shift-Dir - straight line, f/p - deep elf pyromancer
Aim: a deep elf pyromancer, wielding a +0 long sword and wearing a +0 leather armour (48% to hit)
You throw a throwing net.
The throwing net closely misses the deep elf pyromancer.
The throwing net misses the deep elf pyromancer.
The deep elf pyromancer casts a spell at you.
The bolt of fire hits you!!
The deep elf pyromancer gestures wildly while chanting.
The deep elf pyromancer blinks!
There is a stone staircase leading up, spattered with blood here.
The deep elf pyromancer mumbles some strange words.
The deep elf pyromancer casts a spell at you.
The pyre arrow hits you.
You are covered in intense liquid fire!
You shake off some of the fire as you move.
You climb upwards.
The fire elemental disappears in a puff of smoke!
The liquid fire burns you!
* * * LOW HITPOINT WARNING * * *
There is a stone staircase leading down, spattered with blood here.
You see here a +0 whip.
Okay, then.
As you read the scroll of fear, it crumbles to dust.
You assume a fearsome visage.
The deep elf pyromancer looks frightened!
The liquid fire burns you!
* * * LOW HITPOINT WARNING * * *
The deep elf pyromancer gestures wildly while chanting.
The deep elf pyromancer blinks!
You shake off some of the fire as you move.
The liquid fire burns you!
You die...

........##........###
.....#####........#
############ .....#
#........#
#...........
##########........#
#...........
#.........e...#
#...........
#.............#
#...........
#........##..<#
#...........
#........##...#
#...........
#.......[##.@.#
#...........
#........##.>.#
#...........
#........##..†#
#...........
#........##...#
#####.###.##
#........##...#
###.###.##
#........##...#
#....##...
###########...#
#.#######. #...#
#..^....#. #...#
##########


You could see a deep elf pyromancer (fleeing).

Vanquished Creatures
  Pikel (D:4)
  12 yaks
  A steam dragon (D:7)
  Menkaure (D:7)
  2 water moccasins (D:6)
  Duvessa (D:5)
  A sky beast (D:6)
  2 ice beasts
  2 black bears
  2 ogres
  4 lemures (D:4)
  Blork the orc (D:5)
  A gnoll sergeant (D:6)
  2 bullfrogs
  2 scorpions
  Dowan (D:5)
  4 jellies
  4 orc priests
  A bombardier beetle (D:5)
  3 hounds
  A sleepcap (D:6)
  An iguana (D:3)
  9 orc wizards
  12 gnolls
  10 adders
  2 ufetubi (D:6)
  3 dart slugs
  20 orcs
  4 bats (D:1)
  8 endoplasms
  2 giant cockroaches (D:1)
  6 goblins
  8 hobgoblins
  4 jackals (D:3)
  7 kobolds
  6 quokkas
  7 ball pythons
  4 frilled lizards
  6 rats
168 creatures vanquished.

Notes
Turn   | Place    | Note
-------+----------+-------------------------------------------
     0 | D:1      | Armakuni the Human Gladiator began the quest for the Orb.
     0 | D:1      | Reached XP level 1. HP: 16/16 MP: 1/1
   197 | D:1      | Reached XP level 2. HP: 19/22 MP: 2/2
   304 | D:1      | Found a faded altar of an unknown god.
   504 | D:1      | Reached skill level 4 in Staves
   592 | D:1      | Reached XP level 3. HP: 23/27 MP: 3/3
  2061 | D:3      | Reached XP level 4. HP: 28/33 MP: 4/4
  2101 | D:3      | Reached skill level 5 in Staves
  2316 | D:3      | Reached XP level 5. HP: 38/38 MP: 5/5
  2404 | D:3      | Found a glowing silver altar of Zin.
  2662 | D:4      | Noticed an ogre
  2697 | D:4      | Noticed a black bear
  2705 | D:4      | Killed a black bear
  2706 | D:4      | Reached skill level 6 in Staves
  2706 | D:4      | Reached XP level 6. HP: 28/44 MP: 6/6
  2847 | D:4      | Noticed Pikel
  2986 | D:4      | Killed Pikel
  2987 | D:4      | Reached skill level 8 in Staves
  2987 | D:4      | Reached XP level 7. HP: 20/50 MP: 7/7
  3170 | D:4      | Reached skill level 9 in Staves
  3238 | D:4      | Identified the +7 mace "Sonikui" {heavy, rCorr MP+9}
  3275 | D:4      | Reached XP level 8. HP: 34/56 MP: 8/8
  3681 | D:4      | Found Yxeurgh's Serpentskin Sales.
  4031 | D:4      | Bought a +2 ring mail of poison resistance for 198 gold
                  | pieces
  4099 | D:5      | Entered Level 5 of the Dungeon
  4099 | D:5      | Found a staircase to the Ecumenical Temple.
  4105 | D:5      | Reached skill level 10 in Staves
  4371 | D:5      | Noticed Duvessa
  4373 | D:5      | Noticed Dowan
  4390 | D:5      | Killed Duvessa
  4400 | D:5      | Killed Dowan
  4517 | D:5      | Reached skill level 11 in Staves
  4989 | D:6      | Noticed Blork the orc
  5083 | D:5      | Killed Blork the orc
  5084 | D:5      | Reached XP level 9. HP: 42/61 MP: 9/9
  5185 | D:6      | Reached skill level 12 in Staves
  5486 | D:6      | Reached skill level 5 in Fighting
  5486 | D:6      | Reached skill level 1 in Armour
  6082 | D:7      | Found a basalt altar of Yredelemnul.
  6378 | D:7      | Noticed Menkaure
  6393 | D:7      | Killed Menkaure
  6394 | D:7      | Reached skill level 1 in Shields
  6516 | D:7      | Reached skill level 1 in Evocations
  6563 | D:7      | Reached XP level 10. HP: 49/74 MP: 10/10
  6876 | D:8      | Noticed a two-headed ogre
  6971 | D:8      | Noticed a deep elf pyromancer
  7154 | D:7      | Reached skill level 5 in Evocations
  7253 | D:8      | Noticed a deep elf pyromancer
  7262 | D:7      | Incinerated by a deep elf pyromancer

Illustrated notes

Levels and vault maps discovered:
D:1:      elethiomel_arrival_infinity_welcomes_careful_drivers,
          layout_loops_corners, ebering_ecumenical_altar_petrified
D:2:      layout_basic
D:3:      layout_rooms, zin_scriptorium
D:4:      layout_basic, guppyfry_shop_venom, uniq_pikel
D:5:      layout_gridville, minmay_temple_entry_from_below_a, uniq_duvessa
D:6:      layout_cave_pools, bh_walls_and_bars, uniq_blork_the_orc
D:7:      layout_basic, yredelemnul_altar_generic, uniq_menkaure
D:8:      minmay_bloctagon_deflated, layout_basic

Skill      XL: |  1  2  3  4  5  6  7  8  9 10 |
---------------+-------------------------------+-----
Staves         | 4 5 6 8 9 11 12 | 12.0
Fighting       | 5 |  5.0
Armour         | 4 |  4.0
Shields        | 3 4 |  4.0
Evocations     | 2 5 |  5.8
Throwing       | |  2.0
Dodging        | |  3.0

Action                     |  1- 3 |  4- 6 |  7- 9 | 10-12 || total
---------------------------+-------+-------+-------+-------++-------
  Melee: Quarterstaff      |   142 |    73 |   270 |    70 ||   555
  Throw: Throwing net      |       |     3 |     7 |     3 ||    13
    Use: Scroll            |     7 |     3 |     6 |     1 ||    17
         Potion            |       |     1 |     1 |       ||     2
   Stab: Sleeping          |     1 |       |       |       ||     1
         Held in net/web   |       |       |     1 |       ||     1
 Armour: Leather armour    |    61 |       |       |       ||    61
         Ring mail         |    22 |    55 |   123 |    31 ||   231
  Dodge: Dodged            |    82 |    52 |   191 |    36 ||   361

Table legend: (Time is in decaauts)
 A = Elapsed time spent in this place.
 B = Non-inter-level travel time spent in this place.
 C = Inter-level travel time spent in this place.
 D = Time resting spent in this place.
 E = Time spent auto-exploring this place.
 F = Levels seen in this place.
 G = Mean time per level.
                   A        B        C        D        E       F      G
               +--------+--------+--------+--------+--------+-----+--------+
         Total |   7202 |   6836 |    366 |   1300 |   4034 |   8 |  900.2 |
       Dungeon |   7202 |   6836 |    366 |   1300 |   4034 |   8 |  900.2 |
               +--------+--------+--------+--------+--------+-----+--------+

Top non-repeatable levels by time:
     D:4: 1352 daAuts
     D:7: 1261 daAuts
     D:1: 1151 daAuts
     D:5: 976 daAuts
     D:2: 903 daAuts
     D:6: 792 daAuts
     D:3: 703 daAuts
     D:8: 60 daAuts
